[Event "Team 45 45 League T94"]
[Site "Internet Chess Club"]
[Date "2022.10.15"]
[Round "1"]
[White "NATYNL09"]
[Black "smsxman"]
[Result "0-1"]
[WhiteElo "1139"]
[BlackElo "1448"]
[Opening "Scandinavian (center counter) defense"]
[ECO "B01"]
[Time "20:10:58"]
[PlyCount "70"]
[TimeControl "2700+45"]

1. e4 d5 2. exd5 Qxd5 3. Nc3 Qd8 4. d4 e6 5. Nf3 Nf6 6. Bg5 Be7 7. Bd2 Nbd7 8.
Bd3 c5 9. Be3 cxd4 10. Bxd4 b6 11. Ne5 Bc5 12. Bxc5 Nxc5 13. Be2 Qxd1+ 14. Rxd1
Ba6 15. Bf3 Rc8 16. Bc6+ Ke7 17. b4 Nb7 18. b5 Bxb5 19. Bxb5 Rxc3 20. Nc6+ Kf8
21. Nd4 e5 22. Nf5 g6 23. Nh6 Kg7 24. Ba6 Nc5 25. Kd2 Nce4+ 26. Kc1 Kxh6 27.
Rhf1 Kg7 28. Kb2 Rc7 29. Bd3 Nc5 30. Be2 Rhc8 31. Ka1 a6 32. Rd6 b5 33. Rdd1
Nce4 34. Bd3 Nc3 35. Rc1 e4 {White resigns} 0-1

[Event "Team 45 45 League T94"]
[Site "Internet Chess Club"]
[Date "2022.10.13"]
[Round "1"]
[White "Portola"]
[Black "elmaestro"]
[Result "1-0"]
[WhiteElo "1658"]
[BlackElo "1650"]
[Opening "King's Indian: East Indian defense"]
[ECO "A48"]
[Time "17:23:26"]
[PlyCount "105"]
[TimeControl "2700+45"]

1. d4 Nf6 2. Nf3 g6 3. c3 Bg7 4. Bg5 O-O 5. Nbd2 d5 6. e3 Nbd7 7. Qc2 c6 8. Bd3
Re8 9. O-O e5 10. dxe5 Nxe5 11. Nxe5 Rxe5 12. Bf4 Re8 13. Rae1 Nh5 14. Bg3 f5
15. Nf3 Nxg3 16. hxg3 b6 17. Qa4 Bb7 18. Rd1 Qf6 19. Qf4 Rac8 20. Rd2 c5 21.
Rfd1 a6 22. Bb1 b5 23. Qh4 Qf7 24. Ng5 Bf6 25. Nxf7 Bxh4 26. Nd6 Bxg3 27. fxg3
Rxe3 28. Nxb7 Rc7 29. Na5 d4 30. cxd4 Rxg3 31. dxc5 Rxc5 32. Nb7 Re5 33. Kf2 Rg4
34. Rd4 Rg5 35. Rd7 Rg4 36. Rc1 Rf4+ 37. Kg3 Rg4+ 38. Kf3 Rc4 39. Rxc4 bxc4 40.
Bc2 Rb5 41. b3 c3 42. Kf4 h6 43. Bd3 g5+ 44. Kf3 Rb4 45. Ke2 f4 46. Bc4+ Kh8 47.
Nd6 g4 48. Nf7+ Kg7 49. Ne5+ Kf6 50. Nxg4+ Kg5 51. Nf2 Rb8 52. Kd3 Re8 53. Kxc3
{Black resigns} 1-0

[Event "Team 45 45 League T94"]
[Site "Internet Chess Club"]
[Date "2022.10.17"]
[Round "1"]
[White "nosir"]
[Black "jcule"]
[Result "1/2-1/2"]
[WhiteElo "1352"]
[BlackElo "1367"]
[Opening "Queen's pawn, Mason variation"]
[ECO "D00"]
[Time "15:00:11"]
[PlyCount "123"]
[TimeControl "2700+45"]

1. d4 d5 2. Bf4 Nf6 3. e3 Bf5 4. Bd3 Bxd3 5. Qxd3 e6 6. Nf3 Bd6 7. Bxd6 Qxd6 8.
Nbd2 Nbd7 9. c4 c6 10. c5 Qc7 11. O-O O-O 12. Rac1 e5 13. dxe5 Nxe5 14. Nxe5
Qxe5 15. b4 Rac8 16. Nf3 Qb2 17. a3 Ne4 18. Rc2 Qf6 19. a4 a6 20. Nd2 Rfe8 21.
Nf3 Qe7 22. Nd4 g6 23. Rfc1 Qd7 24. Nf3 Qe7 25. Qd4 Ra8 26. a5 Rad8 27. Re2 Qf6
28. Qxf6 Nxf6 29. Nd4 Re4 30. Rce1 Rde8 31. h3 R4e7 32. f3 h6 33. g4 Kh7 34. Kf2
Nd7 35. h4 Ne5 36. Rd2 Nc4 37. Rd3 h5 38. gxh5 gxh5 39. Nf5 Re6 40. Rd4 Kg6 41.
e4 Re5 42. Ng3 R5e6 43. f4 Kh6 44. Nf5+ Kh7 45. Ng3 Kh6 46. f5 R6e7 47. Re2 Ne5
48. Kf1 Nf3 49. Rd3 dxe4 50. Rd6+ f6 51. Rxf6+ Kh7 52. Nxh5 Rg8 53. Rg2 Rxg2 54.
Kxg2 Nxh4+ 55. Kf2 e3+ 56. Ke2 Kg8 57. Re6 Rxe6 58. fxe6 Nf5 59. e7 Nxe7 60.
Kxe3 Nd5+ 61. Kd4 Kf7 62. Kc4 {Game drawn by mutual agreement} 1/2-1/2

[Event "Team 45 45 League T94"]
[Site "Internet Chess Club"]
[Date "2022.10.18"]
[Round "1"]
[White "Fulmar"]
[Black "g8wrb"]
[Result "1-0"]
[WhiteElo "1273"]
[BlackElo "1294"]
[Opening "French defense"]
[ECO "C11"]
[Time "04:04:41"]
[PlyCount "51"]
[TimeControl "2700+45"]

1. e4 e6 2. d4 d5 3. Nc3 Nf6 4. exd5 exd5 5. Bd3 Bd6 6. Nge2 O-O 7. O-O c6 8.
Bf4 Re8 9. Bxd6 Qxd6 10. f3 Na6 11. a3 Be6 12. Qd2 Nc7 13. Nf4 Qd7 14. Rae1 Bf5
15. Bxf5 Qxf5 16. Nce2 h6 17. Ng3 Qd7 18. Nd3 Ne6 19. Re2 Qc7 20. Ne5 Qb6 21. c3
Nd7 22. Nxd7 Qb5 23. Rfe1 Re7 24. Ne5 Rae8 25. Nf5 Rc7 26. Nd6 {Black resigns}
1-0

[Event "Team 45 45 League T94"]
[Site "Internet Chess Club"]
[Date "2022.10.13"]
[Round "1"]
[White "smsxman"]
[Black "BlueStorm"]
[Result "1/2-1/2"]
[WhiteElo "1346"]
[BlackElo "1562"]
[Opening "King's pawn opening"]
[ECO "B07"]
[Time "20:00:19"]
[PlyCount "89"]
[TimeControl "2700+45"]

1. e4 d6 2. Nf3 Nf6 3. d3 Nc6 4. Nc3 e5 5. a3 a6 6. Bd2 Bg4 7. Be2 Bxf3 8. Bxf3
Nd4 9. Be3 c5 10. O-O Be7 11. Nd5 Nxd5 12. exd5 O-O 13. Bxd4 cxd4 14. c3 dxc3
15. bxc3 b5 16. c4 Qb6 17. Rb1 Rfc8 18. a4 Qd4 19. axb5 axb5 20. Rxb5 Ra3 21.
Rb3 Rca8 22. Rxa3 Rxa3 23. Be4 g6 24. g4 Bh4 25. Kg2 Ra2 26. Qf3 Kg7 27. Kg1 Ra1
28. Rxa1 Qxa1+ 29. Kg2 Qd4 30. Qe3 Qb2 31. Kf3 h6 32. h3 Bg5 33. Qe2 Qc1 34. Kg2
Qf4 35. Qf3 Qd2 36. Qg3 Bf4 37. Qf3 f6 38. Kf1 Qc1+ 39. Ke2 Qd2+ 40. Kf1 Qc1+
41. Ke2 Qd2+ 42. Kf1 Qc1+ 43. Kg2 Qd2 44. Kf1 Qc1+ 45. Ke2 {Game drawn by
repetition} 1/2-1/2

[Event "Team 45 45 League T94"]
[Site "Internet Chess Club"]
[Date "2022.10.15"]
[Round "1"]
[White "BrerRabbit"]
[Black "Visin"]
[Result "1/2-1/2"]
[WhiteElo "1328"]
[BlackElo "1252"]
[Opening "Queen's pawn game, Chigorin variation"]
[ECO "D02"]
[Time "15:27:27"]
[PlyCount "114"]
[TimeControl "2700+45"]

1. d4 d5 2. Nf3 Nc6 3. g3 Bd7 4. Bg2 Nf6 5. O-O e6 6. c4 dxc4 7. Ne5 Be7 8. Nxc6
Bxc6 9. Bxc6+ bxc6 10. Bf4 O-O 11. Nc3 Nd5 12. Qd2 Rb8 13. Rac1 Nxf4 14. gxf4
Bb4 15. a3 Ba5 16. Qc2 Qxd4 17. e3 Qf6 18. Na4 Qg6+ 19. Qxg6 fxg6 20. Rfd1 Rfd8
21. Rxd8+ Rxd8 22. Rxc4 Rd6 23. Rc2 Bb6 24. Nc3 c5 25. Ne4 Rd5 26. Nc3 Rf5 27.
Na4 Kf8 28. Nc3 Ke7 29. Ne4 h6 30. Nd2 e5 31. fxe5 Rxe5 32. Nc4 Rd5 33. Kg2 g5
34. h3 c6 35. Nd2 Ke6 36. Ne4 Ke5 37. Kf3 Kf5 38. Ng3+ Ke6 39. Ne4 h5 40. Ng3 g6
41. Ne4 Rf5+ 42. Kg2 Rd5 43. Kf3 Ke5 44. Nxg5 Kf6 45. Ne4+ Kf5 46. Ng3+ Kf6 47.
Ne4+ Ke6 48. Nc3 Rf5+ 49. Kg2 g5 50. Ne4 h4 51. f3 Kd7 52. Rd2+ Rd5 53. Rc2 Ke6
54. Nc3 Re5 55. Ne4 Rd5 56. Nc3 Re5 57. Ne4 Rd5 {Game drawn by repetition}
1/2-1/2

[Event "Team 45 45 League T94"]
[Site "Internet Chess Club"]
[Date "2022.10.16"]
[Round "1"]
[White "Knightburgler"]
[Black "stantheman59"]
[Result "1-0"]
[WhiteElo "1144"]
[BlackElo "1121"]
[Opening "Queen's pawn: Charlick (Englund) gambit"]
[ECO "A40"]
[Time "13:02:11"]
[PlyCount "35"]
[TimeControl "2700+45"]

1. d4 e5 2. d5 d6 3. Nc3 Nf6 4. e4 a6 5. f4 Nbd7 6. Nf3 h6 7. Be2 Nc5 8. fxe5
Nfxe4 9. Nxe4 Nxe4 10. Qd4 Nc5 11. O-O Bf5 12. exd6 Qxd6 13. Bf4 Qb6 14. Qe5+
Ne6+ 15. Be3 Qd6 16. Qxf5 O-O-O 17. c4 g5 18. Ne5 {Black resigns} 1-0

[Event "Team 45 45 League T94"]
[Site "Internet Chess Club"]
[Date "2022.10.15"]
[Round "1"]
[White "ChessMaine"]
[Black "burlap"]
[Result "0-1"]
[WhiteElo "1404"]
[BlackElo "1427"]
[Opening "Queen's pawn: stonewall attack"]
[ECO "D00"]
[Time "21:00:25"]
[PlyCount "74"]
[TimeControl "2700+45"]

1. d4 d5 2. e3 Nf6 3. Bd3 e6 4. Nd2 c5 5. c3 Nc6 6. f4 Bd6 7. Ngf3 O-O 8. Ne5
cxd4 9. exd4 Ne7 10. O-O Qc7 11. g4 Nd7 12. Rf3 f6 13. Nxd7 Bxd7 14. Nf1 Ng6 15.
Bxg6 hxg6 16. Qd3 Kf7 17. Bd2 Rh8 18. Re1 Rh4 19. h3 Rah8 20. Re2 Re8 21. Kg2 a6
22. Qe3 Bb5 23. Ref2 Reh8 24. b3 a5 25. a4 Ba6 26. Bc1 Qd7 27. Nd2 b5 28. axb5
Qxb5 29. c4 dxc4 30. Nxc4 Bb4 31. Re2 Qd5 32. Ne5+ fxe5 33. fxe5+ Kg8 34. Rf2
Rxh3 35. Kg1 Rg3+ 36. Rg2 Rxf3 37. Qg5 Rf1# {White checkmated} 0-1

[Event "Team 45 45 League T94"]
[Site "Internet Chess Club"]
[Date "2022.10.14"]
[Round "1"]
[White "jjmolina1"]
[Black "chesskix"]
[Result "1/2-1/2"]
[WhiteElo "1448"]
[BlackElo "1386"]
[Opening "Sicilian defense"]
[ECO "B32"]
[Time "13:03:48"]
[PlyCount "41"]
[TimeControl "2700+45"]

1. e4 c5 2. Nf3 Nc6 3. d4 cxd4 4. Nxd4 Nxd4 5. Qxd4 e6 6. Nc3 a6 7. Be2 b5 8.
O-O Bb7 9. a3 Rc8 10. Rd1 Nf6 11. Bf3 Bc5 12. Qd3 e5 13. Bg5 Be7 14. Bxf6 Bxf6
15. Nd5 Bc6 16. c3 O-O 17. Nb4 Qb6 18. Nd5 Qd8 19. Nb4 Qb6 20. Nd5 Qd8 21. Nb4
{Game drawn by repetition} 1/2-1/2

[Event "Team 45 45 League T94"]
[Site "Internet Chess Club"]
[Date "2022.10.15"]
[Round "1"]
[White "blind-warrior"]
[Black "Constrictor"]
[Result "0-1"]
[WhiteElo "1200"]
[BlackElo "1448"]
[Opening "Queen's bishop game"]
[ECO "D02"]
[Time "15:07:51"]
[PlyCount "92"]
[TimeControl "2700+45"]

1. d4 d5 2. Nf3 Nf6 3. Bf4 c6 4. h3 Qb6 5. Qc1 Bf5 6. Nbd2 e6 7. e3 Nbd7 8. Bd3
Bxd3 9. cxd3 Rc8 10. e4 dxe4 11. dxe4 c5 12. Be3 Be7 13. Ne5 O-O 14. Nxd7 Nxd7
15. d5 exd5 16. exd5 Nf6 17. Nc4 Qa6 18. O-O Nxd5 19. Bd2 Bf6 20. Ne3 Nf4 21.
Kh1 Nd3 22. Qc4 Qxc4 23. Nxc4 Bxb2 24. Nxb2 Nxb2 25. Rab1 Nc4 26. Bf4 b6 27.
Rfc1 Na5 28. Bd2 Nc6 29. Bc3 Rfe8 30. Rb2 Rcd8 31. g3 Ne5 32. Bxe5 Rxe5 33. Kg2
Red5 34. Rcc2 Rc8 35. Rb4 g6 36. Rb5 Rc6 37. Rbb2 c4 38. Rb4 b5 39. a4 a6 40. a5
Rd3 41. Rbb2 Ra3 42. Ra2 Rxa2 43. Rxa2 c3 44. Rc2 b4 45. Kf3 b3 46. Rc1 b2
{White resigns} 0-1